| TOP OF THE 1ST |
|
University of Oklahoma Sooners batting - Pitching for Florida State University Seminoles : RHP Lupe Barrera
|
|
Pitching: RHP Lupe Barrera
|
|
|
Batting: RHB Margh Couch
|
0-0: Bunted foul 0-1: Swinging Strike 0-2: Strikes out swinging
|
|
Batting: LHB Mike East
|
0-0: Ball 1-0: Called Strike 1-1: Ball 2-1: Ball 3-1: Ground out U3 (Groundball, 3, EV 90.0 MPH)
|
|
Batting: RHB Connell Boyle Jr.
|
0-0: Ball 1-0: Called Strike 1-1: Ball 2-1: Foul Ball, location: 2F 2-2: Strikes out looking
|
| Top of the 1st over - 0 runs, 0 hits, 0 errors, 0 left on base; University of Oklahoma 0 - Florida State University 0 |
| BOTTOM OF THE 1ST |
|
Florida State University Seminoles batting - Pitching for University of Oklahoma Sooners : LHP Si-hun Yi
|
|
Pitching: LHP Si-hun Yi
|
|
|
Batting: RHB Paul Holland
|
0-0: Ball 1-0: Ball 2-0: Reached on error, E5 (Groundball, 56S, EV 89.4 MPH)
|
|
Batting: RHB Efrain Cedeno
|
0-0: Ball 1-0: Ball 2-0: Called Strike 2-1: Foul Ball, location: 2F 2-2: Strikes out swinging
|
|
Batting: RHB Bill Nguyen-Tan
|
0-0: Called Strike 0-1: Foul Ball, location: 2F 0-2: Ball 1-2: Ball 2-2: SINGLE (Groundball, 56S, EV 70.6 MPH) (infield hit) Paul Holland to second
|
|
Batting: RHB Rafael Gil
|
0-0: Ball 1-0: Foul Ball, location: 2F 1-1: Fly out, F8 (Flyball, 8LD, EV 83.1 MPH)
|
|
Batting: RHB Jeremy Buck
|
0-0: Called Strike 0-1: Ball 1-1: Foul Ball, location: 2F 1-2: Ball 2-2: Ball 3-2: Base on Balls Paul Holland to third Bill Nguyen-Tan to second
|
|
Batting: LHB Raul Maldonado
|
0-0: Ball 1-0: Fielders Choice at 2nd, 6-4 (Groundball, 6, EV 83.1 MPH)
|
| Bottom of the 1st over - 0 runs, 1 hit, 1 error, 3 left on base; University of Oklahoma 0 - Florida State University 0 |
| TOP OF THE 2ND |
|
University of Oklahoma Sooners batting - Pitching for Florida State University Seminoles : RHP Lupe Barrera
|
|
Batting: RHB Carlos Gonzales
|
0-0: Called Strike 0-1: SOLO HOME RUN (Flyball, 89XD, EV 107.5 MPH), Distance : 418 ft
|
|
Batting: SHB Cesar Carrasquillo
|
0-0: Foul Ball, location: 2F 0-1: Ball 1-1: Foul Ball, location: 2F 1-2: Foul Ball, location: 2F 1-2: Ball 2-2: Strikes out swinging
|
|
Batting: RHB Jesus Montana
|
0-0: Foul Ball, location: 2F 0-1: Ball 1-1: Ball 2-1: Ground out 5-3 (Groundball, 56, EV 80.6 MPH)
|
|
Batting: RHB Patrick Pinault
|
0-0: Ball 1-0: Called Strike 1-1: Swinging Strike 1-2: Foul Ball, location: 2F 1-2: Ball 2-2: Ball 3-2: Strikes out swinging
|
| Top of the 2nd over - 1 run, 1 hit, 0 errors, 0 left on base; University of Oklahoma 1 - Florida State University 0 |
| BOTTOM OF THE 2ND |
|
Florida State University Seminoles batting - Pitching for University of Oklahoma Sooners : LHP Si-hun Yi
|
|
Batting: RHB Brad Brady
|
0-0: Ball 1-0: Ball 2-0: Called Strike 2-1: Fly out, F8 (Flyball, 8RD, EV 91.3 MPH)
|
|
Batting: SHB Alex Noval
|
0-0: Called Strike 0-1: Swinging Strike 0-2: Ball 1-2: Ball 2-2: Foul Ball, location: 2F 2-2: Ground out 5-3 (Groundball, 56, EV 83.1 MPH)
|
|
Batting: RHB Bob Buckler
|
0-0: Foul Ball, location: 2F 0-1: Ball 1-1: Ball 2-1: Called Strike 2-2: Strikes out swinging
|
| Bottom of the 2nd over - 0 runs, 0 hits, 0 errors, 0 left on base; University of Oklahoma 1 - Florida State University 0 |
| TOP OF THE 3RD |
|
University of Oklahoma Sooners batting - Pitching for Florida State University Seminoles : RHP Lupe Barrera
|
|
Batting: RHB Josh Lynch
|
0-0: Ground out 3-1 (Groundball, 34, EV 93.8 MPH)
|
|
Batting: RHB Edwin Gutierrez
|
0-0: Called Strike 0-1: Foul Ball, location: 2F 0-2: Ground out 6-3 (Groundball, 6, EV 101.9 MPH)
|
|
Batting: RHB Margh Couch
|
0-0: Ball 1-0: Ball 2-0: Fly out, F9 (Flyball, 9LM, EV 76.9 MPH)
|
| Top of the 3rd over - 0 runs, 0 hits, 0 errors, 0 left on base; University of Oklahoma 1 - Florida State University 0 |
| BOTTOM OF THE 3RD |
|
Florida State University Seminoles batting - Pitching for University of Oklahoma Sooners : LHP Si-hun Yi
|
|
Batting: RHB Paul Holland
|
0-0: Ball 1-0: Ball 2-0: Ball 3-0: Called Strike 3-1: SINGLE (Line Drive, 56, EV 99.4 MPH)
|
|
Batting: RHB Efrain Cedeno
|
0-0: Ball 1-0: Ball 2-0: Foul Ball, location: 2F 2-1: Ball 3-1: Foul Ball, location: 2F 3-2: Fielders Choice at 2nd, 6-4 (Groundball, 6, EV 102.5 MPH)
|
|
Batting: RHB Bill Nguyen-Tan
|
0-0: Ball 1-0: Ball 2-0: 2-RUN HOME RUN (Flyball, 7LD, EV 92.5 MPH), Distance : 328 ft
|
|
Batting: RHB Rafael Gil
|
0-0: Called Strike 0-1: SINGLE (Flyball, 78S, EV 92.5 MPH)
|
|
Batting: RHB Jeremy Buck
|
0-0: SINGLE (Groundball, 56D, EV 97.5 MPH) Rafael Gil to second
|
|
Batting: LHB Raul Maldonado
|
0-0: Foul Ball, location: 2F 0-1: Swinging Strike 0-2: Ball 1-2: Foul Ball, location: 2F 1-2: Foul Ball, location: 2F 1-2: Ball 2-2: Ball 3-2: DOUBLE (Flyball, 8LXD, EV 95.6 MPH) Rafael Gil scores Jeremy Buck to third
|
|
Batting: RHB Brad Brady
|
0-0: Called Strike 0-1: Swinging Strike 0-2: Ball 1-2: Strikes out swinging
|
|
Batting: SHB Alex Noval
|
0-0: Ground out 4-3 (Groundball, 4, EV 107.5 MPH)
|
| Bottom of the 3rd over - 3 runs, 5 hits, 0 errors, 2 left on base; University of Oklahoma 1 - Florida State University 3 |
| TOP OF THE 4TH |
|
University of Oklahoma Sooners batting - Pitching for Florida State University Seminoles : RHP Lupe Barrera
|
|
Batting: LHB Mike East
|
0-0: Called Strike 0-1: Ball 1-1: Swinging Strike 1-2: Ball 2-2: Strikes out swinging
|
|
Batting: RHB Connell Boyle Jr.
|
0-0: Ball 1-0: Ground out 5-3 (Groundball, 56S, EV 64.4 MPH)
|
|
Batting: RHB Carlos Gonzales
|
0-0: Ground out 5-3 (Groundball, 5, EV 103.1 MPH)
|
| Top of the 4th over - 0 runs, 0 hits, 0 errors, 0 left on base; University of Oklahoma 1 - Florida State University 3 |
| BOTTOM OF THE 4TH |
|
Florida State University Seminoles batting - Pitching for University of Oklahoma Sooners : LHP Si-hun Yi
|
|
Batting: RHB Bob Buckler
|
0-0: Called Strike 0-1: Swinging Strike 0-2: Strikes out looking
|
|
Batting: RHB Paul Holland
|
0-0: Ball 1-0: Ball 2-0: Ball 3-0: Called Strike 3-1: Swinging Strike 3-2: Strikes out swinging
|
|
Batting: RHB Efrain Cedeno
|
0-0: Ground out 5-3 (Groundball, 56S, EV 89.4 MPH)
|
| Bottom of the 4th over - 0 runs, 0 hits, 0 errors, 0 left on base; University of Oklahoma 1 - Florida State University 3 |
| TOP OF THE 5TH |
|
University of Oklahoma Sooners batting - Pitching for Florida State University Seminoles : RHP Lupe Barrera
|
|
Batting: SHB Cesar Carrasquillo
|
0-0: Foul Ball, location: 2F 0-1: Fly out, F8 (Flyball, 8LD, EV 93.1 MPH)
|
|
Batting: RHB Jesus Montana
|
0-0: Fly out, F8 (Flyball, 78D, EV 96.9 MPH)
|
|
Batting: RHB Patrick Pinault
|
0-0: Called Strike 0-1: Called Strike 0-2: Foul Ball, location: 2F 0-2: Ball 1-2: Ground out 6-3 (Groundball, 6, EV 81.3 MPH)
|
| Top of the 5th over - 0 runs, 0 hits, 0 errors, 0 left on base; University of Oklahoma 1 - Florida State University 3 |
| BOTTOM OF THE 5TH |
|
Florida State University Seminoles batting - Pitching for University of Oklahoma Sooners : LHP Si-hun Yi
|
|
Pitching: RHP Paul Gibbens
|
|
|
Batting: RHB Bill Nguyen-Tan
|
0-0: Swinging Strike 0-1: Ball 1-1: SINGLE (Flyball, 78S, EV 98.8 MPH)
|
|
Batting: RHB Rafael Gil
|
0-0: Ball 1-0: SINGLE (Line Drive, 4M, EV 103.1 MPH) Bill Nguyen-Tan to second
|
|
Batting: RHB Jeremy Buck
|
0-0: Ball 1-0: Called Strike 1-1: Ball 2-1: Ball 3-1: Called Strike 3-2: Base on Balls Bill Nguyen-Tan to third Rafael Gil to second
|
|
Batting: LHB Raul Maldonado
|
0-0: Called Strike 0-1: Foul Ball, location: 2F 0-2: Fly out, F8 (Flyball, 8LM, EV 89.4 MPH) Runner from 3rd tags up, SCORES, throw by CF
|
|
Batting: RHB Brad Brady
|
0-0: Called Strike 0-1: SINGLE (Groundball, 6MD, EV 106.3 MPH) Rafael Gil to third Jeremy Buck to second
|
|
Batting: SHB Alex Noval
|
0-0: Foul Ball, location: 2F 0-1: Ball 1-1: Called Strike 1-2: Ball 2-2: Strikes out looking
|
|
Batting: RHB Bob Buckler
|
0-0: Called Strike 0-1: Called Strike 0-2: Foul Ball, location: 2F 0-2: Strikes out looking
|
| Bottom of the 5th over - 1 run, 3 hits, 0 errors, 3 left on base; University of Oklahoma 1 - Florida State University 4 |
| TOP OF THE 6TH |
|
University of Oklahoma Sooners batting - Pitching for Florida State University Seminoles : RHP Lupe Barrera
|
|
Batting: RHB Josh Lynch
|
0-0: Ball 1-0: Called Strike 1-1: Fly out, F4 (Popup, 23, EV 90.0 MPH)
|
|
Batting: RHB Edwin Gutierrez
|
0-0: Called Strike 0-1: Fly out, F8 (Flyball, 89D, EV 81.9 MPH)
|
|
Batting: RHB Margh Couch
|
0-0: SINGLE (Groundball, 6MS, EV 71.3 MPH) (infield hit)
|
|
Batting: LHB Mike East
|
0-0: Ball 1-0: Ball 2-0: Foul Ball, location: 2F 2-1: Foul Ball, location: 2F 2-2: Foul Ball, location: 2F 2-2: Foul Ball, location: 2F 2-2: Foul Ball, location: 2F 2-2: Hit by Pitch Margh Couch to second
|
|
Batting: RHB Connell Boyle Jr.
|
0-0: Foul Ball, location: 2F 0-1: Ball 1-1: SINGLE (Groundball, 4MD, EV 96.9 MPH) Margh Couch to third Mike East to second Runner from 3rd tries for Home, SAFE, throw by CF to home
|
|
Batting: RHB Carlos Gonzales
|
0-0: Fly out, F8 (Line Drive, 8LD, EV 95.6 MPH)
|
| Top of the 6th over - 1 run, 2 hits, 0 errors, 2 left on base; University of Oklahoma 2 - Florida State University 4 |
| BOTTOM OF THE 6TH |
|
Florida State University Seminoles batting - Pitching for University of Oklahoma Sooners : RHP Paul Gibbens
|
|
Batting: RHB Paul Holland
|
0-0: Called Strike 0-1: Foul Ball, location: 2F 0-2: Ground out 3-1 (Groundball, 34D, EV 83.1 MPH)
|
|
Batting: RHB Efrain Cedeno
|
0-0: Called Strike 0-1: Fly out, F9 (Flyball, 9D, EV 88.8 MPH)
|
|
Batting: RHB Bill Nguyen-Tan
|
0-0: Called Strike 0-1: Swinging Strike 0-2: Ball 1-2: Fly out, F8 (Flyball, 8RM, EV 90.0 MPH)
|
| Bottom of the 6th over - 0 runs, 0 hits, 0 errors, 0 left on base; University of Oklahoma 2 - Florida State University 4 |
| TOP OF THE 7TH |
|
University of Oklahoma Sooners batting - Pitching for Florida State University Seminoles : RHP Lupe Barrera
|
|
Batting: SHB Cesar Carrasquillo
|
0-0: Ball 1-0: Called Strike 1-1: Foul Ball, location: 2F 1-2: Foul Ball, location: 2F 1-2: Foul Ball, location: 2F 1-2: Ball 2-2: Ball 3-2: Foul Ball, location: 2F 3-2: Foul Ball, location: 2F 3-2: Strikes out swinging
|
|
Pitching: RHP Brad Sanchez
|
|
|
Batting: RHB Jesus Montana
|
0-0: Foul Ball, location: 2F 0-1: Foul Ball, location: 2F 0-2: Fly out, F8 (Flyball, 8RXD, EV 94.4 MPH)
|
|
Batting: RHB Patrick Pinault
|
0-0: Ball 1-0: Foul Ball, location: 2F 1-1: Ball 2-1: SINGLE (Groundball, 6, EV 99.4 MPH)
|
|
Batting: RHB Josh Lynch
|
0-0: Ball 1-0: Ball 2-0: Ball Patrick Pinault steals 2nd base 3-0: Called Strike 3-1: Called Strike 3-2: Strikes out looking
|
| Top of the 7th over - 0 runs, 1 hit, 0 errors, 1 left on base; University of Oklahoma 2 - Florida State University 4 |
| BOTTOM OF THE 7TH |
|
Florida State University Seminoles batting - Pitching for University of Oklahoma Sooners : RHP Paul Gibbens
|
|
Batting: RHB Rafael Gil
|
0-0: Called Strike 0-1: Swinging Strike 0-2: Foul Ball, location: 2F 0-2: Ball 1-2: Ball 2-2: Ball 3-2: Foul Ball, location: 2F 3-2: Strikes out swinging
|
|
Pinch Hitting: RHB Bobby Altamirano
|
0-0: Fly out, F9 (Flyball, 9, EV 81.3 MPH)
|
|
Batting: LHB Raul Maldonado
|
0-0: Ground out 4-3 (Groundball, 4M, EV 78.8 MPH)
|
| Bottom of the 7th over - 0 runs, 0 hits, 0 errors, 0 left on base; University of Oklahoma 2 - Florida State University 4 |
| TOP OF THE 8TH |
|
University of Oklahoma Sooners batting - Pitching for Florida State University Seminoles : RHP Brad Sanchez
|
|
Now at 1B: Jai-guo Bian
|
|
|
Batting: RHB Edwin Gutierrez
|
0-0: Ground out 6-3 (Groundball, 6, EV 86.9 MPH)
|
|
Batting: RHB Jonathan Gamez
|
0-0: Foul Ball, location: 2F 0-1: Ball 1-1: Called Strike 1-2: Ball 2-2: Strikes out looking
|
|
Batting: LHB Mike East
|
0-0: Foul Ball, location: 2F 0-1: Swinging Strike 0-2: Strikes out swinging
|
| Top of the 8th over - 0 runs, 0 hits, 0 errors, 0 left on base; University of Oklahoma 2 - Florida State University 4 |
| BOTTOM OF THE 8TH |
|
Florida State University Seminoles batting - Pitching for University of Oklahoma Sooners : RHP Paul Gibbens
|
|
Pitching: RHP Ross Ratcliffe
|
|
|
Batting: RHB Brad Brady
|
0-0: Swinging Strike 0-1: Ball 1-1: Swinging Strike 1-2: Strikes out swinging
|
|
Batting: SHB Alex Noval
|
0-0: Ball 1-0: Ball 2-0: Ball 3-0: Base on Balls
|
|
Batting: RHB Bob Buckler
|
0-0: Called Strike 0-1: Ball Alex Noval steals 2nd base 1-1: Called Strike 1-2: Strikes out swinging
|
|
Batting: RHB Paul Holland
|
0-0: Foul Ball, location: 2F 0-1: Ball 1-1: Ball 2-1: Ball 3-1: Called Strike 3-2: Foul Ball, location: 2F 3-2: Base on Balls
|
|
Batting: RHB Efrain Cedeno
|
0-0: Called Strike 0-1: Called Strike 0-2: Strikes out looking
|
| Bottom of the 8th over - 0 runs, 0 hits, 0 errors, 2 left on base; University of Oklahoma 2 - Florida State University 4 |
| TOP OF THE 9TH |
|
University of Oklahoma Sooners batting - Pitching for Florida State University Seminoles : RHP Brad Sanchez
|
|
Pitching: LHP Christian Rogers
|
|
|
Pinch Hitting: RHB Danny Hutto
|
0-0: Ball 1-0: Foul Ball, location: 2F 1-1: Swinging Strike 1-2: Strikes out swinging
|
|
Batting: RHB Carlos Gonzales
|
0-0: Called Strike 0-1: Called Strike 0-2: Ball 1-2: Strikes out swinging
|
|
Pinch Hitting: RHB Noriya Yasuda
|
0-0: Ball 1-0: Called Strike 1-1: Called Strike 1-2: Strikes out swinging
|
| Top of the 9th over - 0 runs, 0 hits, 0 errors, 0 left on base; University of Oklahoma 2 - Florida State University 4 |
|